 Dungeon Crawl Stone Soup version 0.20.1-1-g8b1a95d (webtiles) character file.

8527 Monsterracer the Fighter (level 10, -12/92 (93) HPs)
             Began as a Demigod Artificer on Aug 25, 2017.
             Mangled by a komodo dragon (22 damage)
             ... on level 1 of the Lair of Beasts.
             The game lasted 00:19:27 (10659 turns).

Monsterracer the Fighter (Demigod Artificer)       Turns: 10659, Time: 00:19:28

HP:   -12/92 (93)   AC: 14    Str: 21    XL:     10   Next: 86%
MP:   15/15         EV: 11    Int: 15    God:
Gold: 576           SH:  0    Dex: 16    Spells: 4/9 levels left

rFire    + . .     SeeInvis .   a - +3 hand axe (elec)
rCold    . . .     Gourm    .   (no shield)
rNeg     . . .     Faith    .   s - +0 chain mail
rPois    .         Spirit   .   A - +0 helmet
rElec    .         Reflect  .   y - +2 cloak
rCorr    .         Harm     .   (no gloves)
MR       +....                  (no boots)
Stlth    ..........             (no amulet)
Regen    0.3/turn               F - ring of protection from fire
MPRegen  0.2/turn               (no ring)

@: no status effects
A: talons 1, high mp 1
a: no special abilities


You were on level 1 of the Lair of Beasts.
You were hungry.

You visited 3 branches of the dungeon, and saw 11 of its levels.

You collected 576 gold pieces.

Inventory:

Hand Weapons
 a - a +3 hand axe of electrocution (weapon)
 b - a +0 whip of electrocution
 u - a +0 war axe
Armour
 s - a +0 chain mail (worn)
 y - a +2 cloak (worn)
 A - a +0 helmet (worn)
Jewellery
 g - an uncursed ring of ice
 F - a ring of protection from fire (left hand)
Wands
 c - a wand of flame (46/48)
 d - a wand of enslavement (13/24)
 e - a wand of random effects (13/48)
 j - a wand of iceblast (7/15)
 n - a wand of disintegration (7/24)
 z - a wand of iceblast (3/15)
 C - a wand of acid (9/15)
 D - a wand of scattershot (0/9)
Scrolls
 k - 4 scrolls of teleportation
 r - 4 scrolls of amnesia
 v - 2 scrolls of enchant weapon
 x - 4 scrolls of remove curse
Potions
 h - 3 potions of lignification
 i - 3 potions of curing
 m - 2 potions of flight
 o - a potion of heal wounds
 q - a potion of agility
 t - a potion of cancellation {unknown}
 w - 3 potions of brilliance
 E - a potion of invisibility {unknown}
 G - 2 potions of degeneration {unknown}
Comestibles
 f - 8 bread rations
 l - 7 meat rations
 p - 16 fruits
 B - 2 royal jellies


   Skills:
 * Level 9.8 Fighting
   Level 0.8 Short Blades
 * Level 9.5 Axes
 + Level 6.5 Armour
 - Level 4.9 Dodging
 - Level 0.8 Stealth
 - Level 2.6 Evocations


You had 4 spell levels left.
You knew the following spells:

 Your Spells              Type           Power        Failure   Level  Hunger
a - Summon Ice Beast      Ice/Summ       #.......     100%        4    #####..
z - Apportation           Tloc           #.....       91%         1    ##.....


Dungeon Overview and Level Annotations

Branches:
Dungeon (9/15)             Temple (1/1) D:5            Lair (1/6) D:8
    Orc (0/2) D:9


Innate Abilities, Weirdness & Mutations

You have an increased reservoir of magic. (+10% MP)
You have sharp toenails.


Message History

The komodo dragon bites you!!
* * * LOW HITPOINT WARNING * * *
Huge Dmg: -23%(-21hp) hp: 34%(31hp)
You hit the komodo dragon.
Lightning courses through the komodo dragon!
You claw the komodo dragon.
The komodo dragon is moderately wounded.
The komodo dragon bites you!!
* * * LOW HITPOINT WARNING * * *
Huge Dmg: -24%(-22hp) hp: 10%(9hp)
Okay, then.
Evoke which item? (* to show all) (? for menu, Esc to quit)
Aiming: Scattershot (will waste charges)
Press: ? - help, Shift-Dir - straight line, f - komodo dragon
Aim: a komodo dragon (moderately wounded)
The burst of metal fragments hits the komodo dragon. x5
The komodo dragon is almost dead.
Evoking this partially-identified wand wasted a few charges.
The komodo dragon bites you!!
You die...

### ## #.############
... # #............#
+...
#.###............#...
#..)'.@l.........#.#
.>....###..............#
##.## #............###
#########'#### #..# #.##
##.P# ######### ##..##
#.......# #...#


You could see a komodo dragon.

Vanquished Creatures
  Erica (Lair:1)
  A two-headed ogre (D:9)
  2 death yaks (D:9)
  A skeletal warrior (D:8)
  Maurice (D:8)
  A hornet (D:8)
  A hippogriff (Lair:1)
  Sigmund (D:5)
  The ghost of Thomus the Magician, an amateur DECj (D:5)
  7 yaks
  Menkaure (D:5)
  A water moccasin (D:9)
  An orc warrior (D:7)
  2 ice beasts
  2 ogres
  A sky beast (D:6)
  2 black bears
  A necrophage (D:6)
  4 centaurs
  A crocodile (Lair:1)
  A big kobold (D:7)
  4 bullfrogs
  5 scorpions
  6 killer bees (D:9)
  A howler monkey (D:5)
  4 crimson imps
  A centaur zombie (D:7)
  A quasit (D:7)
  3 hounds
  A jelly (D:9)
  Crazy Yiuf (D:5)
  2 centaur skeletons
  3 orc priests
  5 orc wizards
  Natasha (twice) (D:4)
  Terence (D:3)
  4 iguanas
  7 worker ants
  3 hound skeletons
  3 gnolls
  7 adders
  2 shadow imps
  2 oozes
  An adder skeleton (D:8)
  5 worms
  2 dart slugs
  3 leopard geckos (D:2)
  17 orcs
  2 ball pythons
  3 giant cockroaches
  15 goblins
  7 hobgoblins
  9 jackals
  4 quokkas
  9 bats
  6 frilled lizards
  A giant cockroach zombie (D:6)
  A jackal skeleton (D:7)
  9 kobolds
  A quokka skeleton (D:5)
  12 rats
  A fungus (D:8)
210 creatures vanquished.

Vanquished Creatures (others)
  A worker ant (D:5)
  A leopard gecko (D:1)
2 creatures vanquished.

Grand Total: 212 creatures vanquished

Notes
Turn   | Place    | Note
-------+----------+-------------------------------------------
     0 | D:1      | Monsterracer the Demigod Artificer began the quest for the Orb.
     0 | D:1      | Reached XP level 1. HP: 15/15 MP: 5/5
    19 | D:1      | Reached skill level 1 in Fighting
   183 | D:1      | Reached XP level 2. HP: 22/24 MP: 6/6
   208 | D:1      | HP: 12/24 [leopard gecko (1)]
   222 | D:1      | HP: 9/24 [leopard gecko (3)]
   228 | D:1      | HP: 7/24 [jackal (3)]
   610 | D:1      | HP: 11/24 [ooze (3)]
   940 | D:1      | Reached XP level 3. HP: 26/30 MP: 7/7
  2109 | D:2      | Reached skill level 1 in Axes
  2109 | D:2      | Reached XP level 4. HP: 37/37 MP: 8/8
  2380 | D:2      | Found a sparkling altar of Nemelex Xobeh.
  2459 | D:3      | Noticed Terence
  2475 | D:3      | HP: 18/37 [Terence/trident (3)]
  2476 | D:3      | Killed Terence
  2645 | D:3      | HP: 19/38 [poisoned by a kobold]
  3803 | D:4      | Learned a level 1 spell: Apportation
  3809 | D:4      | Reached skill level 1 in Armour
  3809 | D:4      | Reached XP level 5. HP: 40/45 MP: 9/9
  4200 | D:4      | Noticed Natasha
  4204 | D:4      | Killed Natasha
  4211 | D:4      | HP: 22/45 [poisoned by a worker ant]
  4491 | D:4      | Noticed Natasha
  4498 | D:4      | Killed Natasha
  4498 | D:4      | Reached XP level 6. HP: 37/52 MP: 10/10
  4988 | D:5      | Entered Level 5 of the Dungeon
  5084 | D:5      | Noticed Thomus's ghost (amateur DECj)
  5323 | D:5      | Killed Thomus's ghost
  5338 | D:5      | Reached XP level 7. HP: 52/60 MP: 11/11
  5370 | D:5      | Found a basalt altar of Yredelemnul.
  5384 | D:5      | Found a staircase to the Ecumenical Temple.
  5540 | D:5      | Reached skill level 5 in Fighting
  5666 | D:5      | Found a runed door.
  5738 | D:5      | Noticed Sigmund
  5788 | Temple   | Entered the Ecumenical Temple
  5873 | D:5      | Killed Sigmund
  5915 | D:5      | Noticed Menkaure
  5928 | D:5      | Killed Menkaure
  5936 | D:5      | Reached XP level 8. HP: 54/69 MP: 13/13
  5945 | D:5      | Found a deep blue altar of Sif Muna.
  6109 | D:5      | Noticed Crazy Yiuf
  6115 | D:5      | Killed Crazy Yiuf
  6274 | D:6      | Reached skill level 5 in Axes
  6436 | D:6      | Gained mutation: You have sharp toenails. [mutagenic meat]
  6978 | D:6      | Found an iron altar of Okawaru.
  7308 | D:7      | Reached XP level 9. HP: 76/77 MP: 14/14
  7567 | D:8      | Learned a level 4 spell: Summon Ice Beast
  7582 | D:8      | Noticed Maurice
  7602 | D:8      | Killed Maurice
  7682 | D:8      | Noticed a death yak
  7708 | D:7      | HP: 35/78 [death yak (15)]
  7710 | D:7      | You fall through a shaft!
  7949 | D:8      | Found a stormy altar of Qazlal.
  7957 | D:8      | Found a blossoming altar of Fedhas.
  8095 | D:8      | Noticed a death yak
  8096 | D:8      | Noticed a death yak
  8108 | D:8      | HP: 37/78 [death yak (8)]
  8122 | D:9      | HP: 31/78 [death yak (9)]
  8123 | D:9      | Found a staircase to the Orcish Mines.
  8124 | D:9      | Killed a death yak
  8124 | D:9      | Reached skill level 5 in Armour
  8401 | D:9      | HP: 34/80 [death yak (18)]
  8407 | D:9      | HP: 13/80 [death yak (11)]
  8413 | D:9      | HP: 20/120 [adder (2)]
  8413 | D:9      | HP: 6/120 [death yak (14)]
  8415 | D:9      | Killed a death yak
  8754 | D:8      | Reached XP level 10. HP: 52/89 MP: 15/15
  8756 | D:8      | HP: 42/89 [yak (11)]
  8761 | D:9      | HP: 24/89 [yak (4)]
  9052 | D:8      | Found a staircase to the Lair.
  9412 | D:8      | Found a bloodstained altar of Trog.
  9558 | D:8      | Noticed a skeletal warrior
  9574 | D:8      | Killed a skeletal warrior
  9929 | D:9      | Noticed a two-headed ogre
  9937 | D:9      | Killed a two-headed ogre
 10019 | D:9      | Noticed a two-headed ogre
 10450 | Lair:1   | Entered Level 1 of the Lair of Beasts
 10587 | Lair:1   | Noticed Erica
 10596 | Lair:1   | Killed Erica
 10657 | Lair:1   | HP: 31/92 [komodo dragon (21)]
 10658 | Lair:1   | HP: 9/92 [komodo dragon (22)]
 10659 | Lair:1   | Mangled by a komodo dragon

Skill      XL: |  1  2  3  4  5  6  7  8  9 10 |
---------------+-------------------------------+-----
Fighting       | 1 2 3 4 5 6 8 9 |  9.8
Dodging        | 2 3 4 |  4.9
Axes           | 1 2 3 4 6 8 9 |  9.5
Armour         | 1 2 3 4 5 6 |  6.5
Short Blades   | |  0.8
Stealth        | |  0.8
Evocations     | |  2.6

Action                   |  1- 3 |  4- 6 |  7- 9 | 10-12 || total
-------------------------+-------+-------+-------+-------++-------
Melee: Short sword       |   111 |       |       |       ||   111
       Hand axe          |    36 |   159 |   256 |   118 ||   569
       Kick              |       |       |    63 |    41 ||   104
       Whip              |       |       |     3 |       ||     3
Throw: Throwing net      |       |       |       |     1 ||     1
Evoke: Wand              |     1 |       |     5 |     6 ||    12
  Use: Scroll            |       |    14 |     5 |     1 ||    20
       Potion            |       |       |     1 |     1 ||     2
 Stab: Sleeping          |     1 |       |       |       ||     1
       Held in net/web   |       |       |       |     1 ||     1
  Eat: Chunk             |     4 |     9 |    13 |     5 ||    31
       Fruit             |       |       |       |     1 ||     1
Armor: Leather armour    |    39 |       |       |       ||    39
       Ring mail         |     9 |     9 |       |       ||    18
       Chain mail        |       |    56 |   112 |    27 ||   195
       Scale mail        |       |     9 |       |       ||     9
       Skin              |       |       |       |    27 ||    27
Dodge: Dodged            |   155 |    66 |   112 |    43 ||   376
